 Dungeon Crawl Stone Soup version 0.23.2-1-ga50397a (webtiles) character file.

Game seed: 10292154459060452733

546 Magicfruit the Conjurer (level 7, -5/47 HPs)
             Began as an Octopode Conjurer on May 24, 2019.
             Slain by a sky beast (6 damage)
             ... on level 5 of the Dungeon.
             The game lasted 00:15:03 (4072 turns).

Magicfruit the Conjurer (Octopode Conjurer)         Turns: 4072, Time: 00:15:07

Health: -5/47      AC:  1    Str:  7    XL:     7   Next: 28%
Magic:  2/13       EV: 14    Int: 22    God:
Gold:   248        SH:  0    Dex: 13    Spells: 3/14 levels left

rFire    . . .     SeeInvis .   a - +0 short sword
rCold    . . .     Gourm    .   (no shield)
rNeg     . . .     Faith    .   (helmet restricted)
rPois    .         Spirit   .   f - amulet of inaccuracy
rElec    .         Reflect  .   c - +5 ring of intelligence
rCorr    .         Harm     .   (no ring)
MR       .....                  (no ring)
Stlth    +++.......             (no ring)
HPRegen  0.15/turn              (no ring)
MPRegen  0.13/turn              (no ring)
                                (no ring)
                                (no ring)

@: about to teleport
A: almost no armour, stealthy swim, amphibious, 8 rings, constrict 8, camouflage
1, dopey 1, robust 1, gelatinous body 1
a: no special abilities


You were on level 5 of the Dungeon.
You were hungry.

You visited 1 branch of the dungeon, and saw 5 of its levels.

You collected 248 gold pieces.

Inventory:

Hand Weapons
 a - a +0 short sword (weapon)
Jewellery
 c - a +5 ring of intelligence (left tentacle)
 f - an amulet of inaccuracy (around mantle)
Scrolls
 d - 3 scrolls of remove curse
 e - 4 scrolls of identify
 h - a scroll of amnesia
Comestibles
 b - 5 rations


   Skills:
 + Level 1.2 Fighting
 + Level 1.5 Short Blades
 + Level 2.9 Dodging
 + Level 3.8 Stealth
 + Level 4.0 Spellcasting
 + Level 6.4 Conjurations


You had 3 spell levels left.
You knew the following spells:

 Your Spells              Type           Power        Failure   Level  Hunger
a - Magic Dart            Conj           ####         1%          1    None
b - Searing Ray           Conj           ####..       1%          2    #......
c - Iskenderun's Mystic   Conj           ####....     8%          4    ####...
d - Force Lance           Conj/Tloc      ###.....     28%         4    ####...

Your spell library contained the following spells:

 Spells                   Type           Power        Failure   Level  Hunger
 Dazzling Spray           Conj/Hex       ###...       9%          3    ###....
 Fulminant Prism          Conj/Hex       ###.......   28%         4    ####...


Dungeon Overview and Level Annotations

Branches:
Dungeon (5/15)
 Temple: D:4-7

Altars:


Innate Abilities, Weirdness & Mutations

You cannot wear most types of armour.
You are very stealthy in the water. (Stealth+)
You are amphibious.
You can wear up to eight rings at the same time.
You can use your tentacles to constrict eight enemies at once.
Your skin changes colour to match your surroundings (Stealth+).
Your rubbery body absorbs attacks. (AC +1, EV +1)
You are dopey. (Int -2)
You are robust. (+10% HP)


Message History

The sky beast is lightly wounded.
The sky beast flickers out of sight!
Deactivating autopickup; reactivate with Ctrl-A.
Something barely misses you.
You start resting.
Something hits you. Something shocks you.
You miss something. Your squeeze misses something.
Something hits you but does no damage.
You hit something but do no damage. Something hits you. Something shocks you.
* * * LOW HITPOINT WARNING * * *
You closely miss something. Something barely misses you. Something hits you.
* * * LOW HITPOINT WARNING * * *
Something shocks you.
* * * LOW HITPOINT WARNING * * *
As you read the scroll of teleportation, it crumbles to dust.
You feel strangely unstable.
A sky beast appears from thin air!
Reactivating autopickup.
The sky beast hits you.
* * * LOW HITPOINT WARNING * * *
The sky beast shocks you.
You die...

##.. #####..# .†....#
#....# #...## #....##
#.##..# # ##.###.###
....#####@## ##..#
......≈.Y.# ##.#
########### #.# #####
#.# ##### ##...###.#
##...####.....##.#
#####.##..##..##..##.##
#...>####.....###..#..#
###### ##....# #..#..#


You could see a sky beast.

Vanquished Creatures
  A phantom (D:4)
  An ogre (D:4)
  2 bullfrogs
  2 centaur skeletons
  2 orc wizards (D:4)
  9 adders
  A worm (D:3)
  A dart slug (D:1)
  A leopard gecko (D:3)
  4 orcs
  2 ball pythons
  2 bats (D:2)
  3 giant cockroaches
  6 goblins
  9 hobgoblins
  2 kobolds (D:1)
  9 frilled lizards
  A rat (D:3)
58 creatures vanquished.

Notes
Turn   | Place    | Note
-------+----------+-------------------------------------------
     0 | D:1      | Magicfruit the Octopode Conjurer began the quest for the
                  | Orb.
     0 | D:1      | Reached XP level 1. HP: 11/11 MP: 3/3
   297 | D:1      | Reached XP level 2. HP: 17/17 MP: 1/5
   501 | D:1      | Learned a level 2 spell: Searing Ray
   603 | D:1      | Gained mutation: You are dopey. (Int -2) [potion of
                  | mutation]
   603 | D:1      | Gained mutation: You are robust. (+10% HP) [potion of
                  | mutation]
  1002 | D:2      | Reached XP level 3. HP: 23/23 MP: 3/6
  1127 | D:2      | Reached skill level 5 in Conjurations
  1135 | D:2      | Reached XP level 4. HP: 24/29 MP: 0/7
  1218 | D:2      | Learned a level 4 spell: Iskenderun's Mystic Blast
  1623 | D:3      | Found a faded altar of an unknown god.
  1988 | D:3      | Noticed a bullfrog
  2057 | D:3      | Killed a bullfrog
  2057 | D:3      | Reached XP level 5. HP: 20/34 MP: 0/9
  2682 | D:4      | Noticed a phantom
  2682 | D:4      | Noticed an ogre
  2687 | D:4      | Killed an ogre
  2687 | D:4      | Reached XP level 6. HP: 21/40 MP: 5/11
  2732 | D:4      | Killed a phantom
  2732 | D:4      | Reached skill level 1 in Short Blades
  2732 | D:4      | Reached skill level 6 in Conjurations
  3654 | D:4      | Reached XP level 7. HP: 46/46 MP: 10/12
  3745 | D:5      | Entered Level 5 of the Dungeon
  3893 | D:5      | Reached skill level 1 in Fighting
  4054 | D:5      | Learned a level 4 spell: Force Lance
  4072 | D:5      | HP: 1/47 [sky beast (2)]
  4072 | D:5      | Slain by a sky beast

Skill      XL: |  1  2  3  4  5  6  7 |
---------------+----------------------+-----
Stealth        | 3 |  3.8
Conjurations   | 5 6 |  6.4
Spellcasting   | 3 4 |  4.0
Short Blades   | 1 |  1.5
Fighting       | 1 |  1.2
Dodging        | |  2.9

Action                   |  1- 3 |  4- 6 |  7- 9 || total
-------------------------+-------+-------+-------++-------
Melee: Short sword       |     4 |    70 |    12 ||    86
       Constrict         |     1 |    13 |     1 ||    15
       Tentacles         |       |    11 |     1 ||    12
 Cast: Magic Dart        |    37 |    58 |    11 ||   106
       Iskenderun's Myst |       |     4 |     6 ||    10
       Searing Ray       |       |     2 |       ||     2
  Use: Scroll            |     5 |     4 |     1 ||    10
       Potion            |     3 |     2 |       ||     5
 Stab: Sleeping          |       |     1 |       ||     1
  Eat: Ration            |       |     3 |       ||     3
       Chunk             |       |     1 |       ||     1
Armor: Skin              |       |     4 |     1 ||     5
Dodge: Dodged            |     6 |    51 |     7 ||    64
